Description

Solid ZvZ build, instant win if opponent does not scout or build an overseer

Build Order

Get SALT Encoding   

  12  0:00  Drone  
  13  0:12  Overlord  
  13  0:16  Drone  
  14  0:30  Drone x2  
  16  0:34  Drone  
  17  0:51  Hatchery  
  16  0:54  Drone  
  17  0:58  Drone  
  18  1:04  Extractor  
  17  1:13  Spawning Pool  
  16  1:16  Drone  
  17  1:20  Drone  
  18  1:28  Drone  
  19  1:40  Overlord  
  19  2:02  Queen, Zergling x4  
  23  2:04  Queen, Metabolic Boost  
  25  2:07  Zergling x2  
  26  2:12  Drone  
  27  2:15  Drone  
  28  2:24  Drone  
  29  2:26  Drone  
  30  2:38  Hatchery  
  29  2:40  Drone  
  30  2:43  Drone  
  31  2:48  Drone  
  32  2:49  Drone  
  33  2:56  Overlord  
  33  2:59  Drone  
  34  3:06  Drone  
  35  3:14  Zergling x12  
  41  3:18  Drone  
  42  3:21  Roach Warren  
  41  3:25  Overlord  
  41  3:27  Drone  
  42  3:30  Drone  
  43  3:37  Drone  
  44  3:41  Overlord  
  44  3:45  Drone  
  45  3:49  Drone  
  46  3:51  Queen  
  48  3:52  Drone  
  49  3:55  Drone  
  50  4:03  Roach x5  Defend against possible Zergling attacks with Roaches
  58  4:18  Extractor, Lair  
  57  4:19  Overlord, Zergling x2  
  58  4:20  Drone x4  
  62  4:24  Drone  
  63  4:26  Evolution Chamber  
  62  4:27  Drone x2  
  64  4:35  Drone  
  64  4:47  Extractor  
  63  4:48  Zergling x6  
  66  4:51  Zerg Missile Weapons Level 1  
  66  4:57  Drone x5  
  71  5:00  Drone x3  
  74  5:08  Overlord  
  74  5:11  Drone x4  
  78  5:16  Glial Reconstitution  
  78  5:19  Overlord  
  78  5:27  Drone x2  
  79  5:29  Extractor  
  78  5:31  Roach  Build Roaches and Overlords, commit to a fight when +1 Missile Weapon and Roach speed are done
  111  6:37  Extractor  
  111  6:38  Burrow  
  125  6:56  Tunneling Claws  Queue it up before the Glial Reconstituion finishes
  143  8:03  Hatchery  Saturate Hatchery with ~8 drones (not too little, not too many, depends on your opponent's army and drone size). Make a queen to inject larva on your 4th base. Add a few Ravagers
Spawning Tool Build Advisor. Get it on Overwolf

Analysis

Hatch - Extractor - Pool (17-18-17)

@Pool - x2 Zergling, Metabolic boost, 2 Queens

@30 supply - 3rd Hatch

@35 supply - x7 Zergling

@42 supply - Roach Warren

@50 supply - x5 Roach

@58 supply - (4:18) Lair, x2 Evolution Chamber

@Liar - Roach speed

@Roach Speed - Burrow and Tunneling claws

Go to:

Details

  • Created by: chimaloo    
  • Published on: Dec 09, 2017
  • Modified on: Dec 09, 2017
  • Patch: 4.0.0
Show
View Real Time Build Order
Export as new Build Order

Comments (0)

There are no comments. Be the first!

Create an account to comment!